Map: Blackburn LE

Players

chooong - Winner!

  • Race: Protoss Protoss
  • League: Platinum
  • Spawn Location: 7:00

VOD

Have the link to the VOD?

Description

Time

  • Played on: May 23, 2022, 6:43 p.m.
  • Length: 19:11
Show
View Real Time Build Order
Export as new Build Order

chooong Protoss - Winner!

Build Orders:  

Get SALT Encoding   

  12  0:03  Probe (Chrono Boost)  
  3  0:20  Probe (Chrono Boost)  
  14  0:27  Pylon  
  14  0:36  Probe (Chrono Boost)  
  15  0:53  Gateway  
  15  0:59  Probe (Chrono Boost)  
  16  1:05  Assimilator  
  16  1:16  Probe (Chrono Boost)  
  16  1:19  Assimilator  
  17  1:33  Probe (Chrono Boost)  
  18  1:48  Gateway  
  18  1:49  Probe (Chrono Boost)  
  19  2:06  Probe (Chrono Boost), Cybernetics Core  
  20  2:17  Probe (Chrono Boost)  
  20  2:28  Probe (Chrono Boost)  
  22  2:41  Pylon  
  22  3:02  Stalker x2 (Chrono Boost)  
  21  3:20  Probe (Chrono Boost)  
  27  3:32  Pylon  
  27  3:40  Stalker x2 (Chrono Boost)  
  31  4:09  Nexus  
  31  4:19  Warp Gate  
  31  4:25  Robotics Facility  
  31  4:28  Probe  
  32  5:16  Probe  
  33  5:30  Pylon  
  33  5:33  Probe  
  33  5:34  Gateway  
  34  5:43  Robotics Bay  
  34  5:48  Observer (Chrono Boost)  
  38  5:50  Probe  
  36  6:07  Probe  
  36  6:08  Pylon  
  37  6:11  Probe  
  37  6:19  Immortal (Chrono Boost)  
  42  6:24  Probe  
  42  6:27  Probe  
  42  6:29  Stalker x2  
  48  6:57  Probe x2  
  50  7:04  Stalker  
  52  7:12  Stalker  
  52  7:14  Probe x2  
  56  7:34  Probe x2  
  56  7:39  Stalker  
  60  7:40  Stalker  
  62  7:52  Immortal (Chrono Boost)  
  66  8:22  Pylon  
  66  8:23  Probe x2  
  66  8:26  Stalker  
  70  8:38  Pylon  
  70  8:47  Probe  
  75  8:51  Stalker, Pylon  
  75  8:55  Immortal (Chrono Boost)  
  77  9:03  Stalker  
  77  9:04  Stalker  
  77  9:09  Gateway  
  81  9:11  Gateway  
  81  9:21  Pylon  
  81  9:24  Assimilator  
  81  9:26  Probe x2  
  83  9:31  Stalker, Assimilator  
  81  9:43  Probe x2  
  81  9:44  Stalker x2  
  83  10:02  Probe  
  88  10:30  Immortal (Chrono Boost), Stalker x2  
  88  10:32  Nexus  
  88  10:36  Pylon  
  92  10:45  Stalker x2  
  96  11:00  Forge  
  96  11:09  Probe x2  
  98  11:18  Stalker x4  
  106  11:38  Immortal (Chrono Boost)  
  110  12:17  Probe x3  
  110  12:19  Pylon  
  113  12:20  Pylon  
  113  12:22  Pylon  
  113  12:24  Pylon  
  113  12:28  Gateway  
  113  12:32  Stalker x4  
  113  12:39  Immortal (Chrono Boost)  
  125  12:51  Stalker  
  127  13:06  Stalker x2  
  127  13:07  Stalker  
  133  13:12  Stalker  
  135  13:21  Immortal (Chrono Boost)  
  139  13:31  Probe x2  
  141  13:41  Pylon  
  141  13:42  Pylon  
  141  13:44  Pylon  
  141  13:47  Pylon  
  141  13:49  Pylon  
  141  13:55  Probe  
  142  14:05  Immortal (Chrono Boost)  
  142  14:15  Stalker x2  
  142  14:16  Stalker  
  152  14:48  Stalker  
  152  14:49  Stalker x4  
  162  14:51  Warp Prism (Chrono Boost)  
  164  15:19  Nexus  
  164  15:21  Stalker x3, Pylon  
  164  15:25  Stalker  
  172  15:33  Observer (Chrono Boost)  
  173  15:42  Photon Cannon  
  173  15:46  Photon Cannon  
  173  15:48  Photon Cannon  
  173  15:53  Photon Cannon  
  173  15:56  Stalker  
  173  15:57  Stalker  
  177  16:11  Stalker x3  
  183  16:24  Probe  
  184  16:49  Stalker x3  
  190  16:50  Stalker  
  172  17:28  Stalker x2  
  172  17:29  Stalker x4  
  183  17:57  Probe x3  
  187  18:03  Stalker x3  
  187  18:04  Stalker x3  
  199  18:14  Probe  
  200  18:28  Probe  
Tags
 
Add a new tag
Caveats
  • Supply blocks, unpowered buildings, or Contaminate may cause inaccurate times.
  • Supply counts are checked every 10 seconds.